 Dungeon Crawl Stone Soup version 0.25.0-46-gbd7b0854d2 (webtiles) character file.

Game seed: 4297964092045343763

15879 protoss039 the Fighter (level 12, -7/150 HPs)
             Began as a Demonspawn Fire Elementalist on July 14, 2020.
             Was an Elder of Vehumet.
             Killed by refrigeration
             ... invoked by Fannar
              (24 damage)
             ... on level 11 of the Dungeon.
             The game lasted 01:14:49 (22224 turns).

protoss039 the Fighter (DsFE)                      Turns: 22224, Time: 01:14:49

Health: -7/150     AC: 26    Str: 10    XL:     12   Next: 5%
Magic:  3/24       EV:  2    Int: 21    God:    Vehumet [****..]
Gold:   842        SH: 15    Dex: 13    Spells: 3/27 levels left

rFire    . . .     SeeInvis .   U - +3 hand axe (freeze)
rCold    . . .     Gourm    .   H - +0 kite shield
rNeg     + + +     Faith    .   (armour currently unavailable)
rPois    +         Spirit   .   (helmet currently unavailable)
rElec    .         Reflect  +   (cloak currently unavailable)
rCorr    +         Harm     .   (gloves currently unavailable)
MR       .....     NoTele   +   (boots currently unavailable)
Stlth    +++++.....             z - amulet of reflection
HPRegen  1.35/turn              a - ring of resist corrosion
MPRegen  0.19/turn              (no ring)

@: mighty, tree-form
A: rugged brown scales 2, nightstalker 3, powered by death 2
a: Renounce Religion


You were on level 11 of the Dungeon.
You worshipped Vehumet.
Vehumet was greatly pleased with you.
You were not hungry.
You were a tree.
You visited 2 branches of the dungeon, and saw 13 of its levels.
You also visited: Sewer and Ossuary.

You collected 842 gold pieces.

Inventory:

Hand Weapons
 f - a +0 dagger
 K - a +2 whip of electrocution
 U - a +3 hand axe of freezing (weapon)
Armour
 d - a +0 pair of boots (melded)
 k - a +3 leather armour of positive energy (melded)
 v - the +2 robe of Good Intentions {+Inv rC+}
   (You found it on level 4 of the Dungeon)

   It protects you from cold.
   It lets you turn invisible.
 H - a +0 kite shield (worn)
 R - a cursed +0 cloak (melded)
Jewellery
 a - a ring of resist corrosion (left branch)
 z - an amulet of reflection (around neck)
 F - an uncursed amulet of faith {unknown}
Wands
 w - a wand of polymorph (7)
 y - a wand of paralysis (16)
 G - a wand of iceblast (10)
 M - a wand of acid (8)
 P - a wand of flame (17)
 S - a wand of disintegration (11)
Scrolls
 e - 9 scrolls of teleportation
 g - 6 scrolls of remove curse
 n - 4 scrolls of enchant weapon
 o - 7 scrolls of fog
 q - a scroll of fear
 r - 2 scrolls of magic mapping
 u - 3 scrolls of amnesia
 A - a scroll of silence
 B - 2 scrolls of blinking
 D - a scroll of enchant armour
 N - a scroll of holy word
 Q - a scroll of noise {unknown}
 T - a scroll of summoning {unknown}
Potions
 b - a potion of mutation
 h - 3 potions of might
 i - 5 potions of haste {unknown}
 j - a potion of cancellation
 l - 5 potions of heal wounds
 m - 5 potions of magic {unknown}
 p - 2 potions of brilliance {unknown}
 s - a potion of flight
 t - 4 potions of degeneration {unknown}
 x - 4 potions of lignification
 C - 2 potions of ambrosia {unknown}
 I - a potion of resistance {unknown}
 L - a potion of stabbing {unknown}
 O - a potion of invisibility
Comestibles
 c - 19 rations
 E - 17 chunks of flesh


   Skills:
 + Level 9.4 Fighting
 - Level 2.0 Short Blades
 - Level 4.0(4.4) Axes
 - Level 3.0(4.0) Maces & Flails
 - Level 4.0 Armour
 - Level 2.0 Dodging
 - Level 2.0 Stealth
 * Level 9.3 Shields
 - Level 8.0 Spellcasting
 - Level 4.0 Conjurations
 + Level 7.2 Fire Magic
 + Level 0.3 Air Magic
 + Level 0.2 Poison Magic


You had 3 spell levels left.
You knew the following spells:

 Your Spells              Type           Power        Failure   Level  Hunger
a - Foxfire               Conj/Fire      ####         1%          1    None
b - Sticky Flame          Conj/Fire      ####....     4%          4    ###....
c - Fireball              Conj/Fire      ####......   12%         5    #####..
d - Searing Ray           Conj           ####..       1%          2    None
e - Frozen Ramparts       Ice            #.....       13%         3    None
f - Mephitic Cloud        Conj/Pois/Air  ##......     7%          3    None
g - Fulminant Prism       Conj/Hex       ###.......   17%         4    ###....
h - Ensorcelled Hibernat  Hex/Ice        #.....       24%         2    None

Your spell library contained the following spells:

 Spells                   Type           Power        Failure   Level  Hunger
 Yara's Violent Unravell  Hex/Tmut       #.........   71%         5    #####..
 Magic Dart               Conj           ####         1%          1    None
 Conjure Flame            Conj/Fire      ####....     1%          3    None
 Inner Flame              Hex/Fire       ###.....     3%          3    None
 Ignite Poison            Fire/Tmut/Pois ###.....     4%          3    None
 Dazzling Flash           Conj/Hex       ###...       6%          3    None
 Apportation              Tloc           #.....       16%         1    None
 Corona                   Hex            #......      16%         1    None
 Sting                    Tmut/Pois      #...         16%         1    None
 Summon Butterflies       Summ           #.......     16%         1    None
 Poisonous Vapours        Pois/Air       #.....       22%         2    None
 Confusing Touch          Hex            #.......     43%         3    None
 Lesser Beckoning         Tloc           #.........   43%         3    None
 Tukima's Dance           Hex            #.......     43%         3    None
 Iskenderun's Mystic Bla  Conj/Tloc      ###.....     17%         4    ###....
 Olgreb's Toxic Radiance  Pois           #.......     36%         4    ###....
 Alistair's Intoxication  Tmut/Pois      #.......     99%         5    #####..
 Invisibility             Hex            #.......     100%        6    ######.


Dungeon Overview and Level Annotations

Branches:
Dungeon (12/15)            Temple (1/1) D:4            Lair (0/6) D:9
    Orc (0/2) D:9           Sewer (visited)         Ossuary (visited)

Altars:
Ashenzari
Cheibriados
Dithmenos
Elyvilon
Fedhas
Gozag
Hepliaklqana
Kikubaaqudgha
Makhleb
Nemelex Xobeh
Okawaru
Qazlal
Ru
Sif Muna
Trog
Uskayaw
Vehumet
Wu Jian
Xom
Yredelemnul
Zin
The Shining One

Shops:
D:5 *   D:6 %*%

Annotations:
D:11 1 exclusion, Fannar


Innate Abilities, Weirdness & Mutations

((You have a pair of small antennae on your head.))
(You are mostly covered in rugged brown scales. (AC +2, +5% HP))
You are completely attuned to the shadows.
You regenerate health from kills.


Message History

You kill the troll!
Vehumet accepts your kill.
The troll leather armour is intact enough to wear.
Unknown command.
Unknown command.
Casting: Foxfire (safe; 1% risk of failure)
Confirm with . or Enter, or press ? or * to list all spells.
You conjure some foxfire!
Fannar gestures wildly while chanting.
A film of ice covers Fannar's body!
Your magical contamination has completely faded away.
Unknown command.
Unknown command.
The foxfire hits Fannar but does no damage.
The heat melts Fannar's icy armour.
Fannar is severely wounded.
Fannar gestures wildly while chanting.
Fannar drains the heat from the surrounding environment!
You feel very cold.
You die...

#.# #...#### ##...# #.# ##.#####
####'## #.# ######......#####
#...... ###(#####...............#
#......
..........####......###.###......
###.####### #.e...># #...'......
#.# #...e..# #####...... #.#
##v##### #####'# #.# #§♣## #.#
#.# ##§§## #.# #.# ##..# ##.#
##'#### ##.# #..# ##.....#
#######'#### ###'## .'.....#
###..........# #..÷..
.#.....###.'..........### #.....
.#.....#...#..........'.####.....
.#..[>.'.###..........#....#.....


You could see Fannar (icy armour).

Vanquished Creatures
  Erica (D:9)
  3 unseen horrors
  Pikel (D:7)
  A cyclops (D:8)
  An ugly thing (D:11)
  A manticore (D:9)
  A deep elf mage (D:8)
  4 trolls
  A hornet (D:10)
  3 hippogriffs
  A shadow (D:9)
  A wraith (D:11)
  2 wyverns (D:11)
  22 yaks
  A hungry ghost (D:11)
  Menkaure (D:6)
  A water moccasin (D:9)
  2 ice beasts
  A slave (D:7)
  2 sky beasts
  A necrophage (D:7)
  5 ogres
  3 phantoms
  7 centaurs
  4 orc warriors
  A crocodile (D:10)
  A big kobold (D:10)
  12 bullfrogs
  2 scorpions
  8 howler monkeys
  12 wights
  3 vampire bats (D:5)
  9 crimson imps
  A bullfrog skeleton (D:7)
  2 bullfrog zombies
  3 jellies
  Crazy Yiuf (D:7)
  2 centaur skeletons
  5 orc priests
  6 hounds
  3 iguanas
  7 orc wizards
  8 worker ants
  Terence (D:2)
  3 hound skeletons
  9 mummies
  3 gnolls (D:5)
  26 adders
  3 river rats (Sewer)
  3 shadow imps
  2 oozes
  4 adder zombies
  An adder skeleton (D:7)
  3 worms
  A dart slug (D:3)
  9 leopard geckos
  44 orcs
  9 ball pythons
  5 giant cockroaches
  8 goblins
  7 hobgoblins
  2 jackals (D:1)
  10 kobolds
  5 quokkas
  17 bats
  10 frilled lizards
  A giant cockroach zombie (D:3)
  2 hobgoblin zombies (Ossuary)
  A jackal zombie (D:3)
  3 kobold zombies (Ossuary)
  A leopard gecko skeleton (D:6)
  3 orc zombies (Ossuary)
  A quokka skeleton (D:5)
  A quokka zombie (D:7)
  29 rats
384 creatures vanquished.

Vanquished Creatures (others)
  A slave (D:7)
  A sky beast (D:8)
  A howler monkey (D:7)
  1117 foxfires
1120 creatures vanquished.

Grand Total: 1504 creatures vanquished

Notes
Turn   | Place    | Note
-------+----------+-------------------------------------------
     0 | D:1      | protoss039 the Demonspawn Fire Elementalist began the quest
                  | for the Orb.
     0 | D:1      | Reached XP level 1. HP: 13/13 MP: 3/3
   200 | D:1      | Gained mutation: You are partially covered in rugged brown
                  | scales. (AC +1, +3% HP) [demonic ancestry]
   200 | D:1      | Reached XP level 2. HP: 13/19 MP: 3/5
  1694 | D:2      | Gained mutation: You are slightly more attuned to the
                  | shadows. [demonic ancestry]
  1694 | D:2      | Reached XP level 3. HP: 6/25 MP: 0/7
  2106 | D:2      | Reached skill level 1 in Fighting
  2106 | D:2      | Reached skill level 1 in Short Blades
  2115 | D:2      | Gained mutation: You are mostly covered in rugged brown
                  | scales. (AC +2, +5% HP) [demonic ancestry]
  2115 | D:2      | Reached XP level 4. HP: 14/33 MP: 2/8
  2336 | D:2      | Noticed Terence
  2418 | D:2      | Killed Terence
  3240 | D:3      | Gained mutation: You are significantly more attuned to the
                  | shadows. [demonic ancestry]
  3240 | D:3      | Reached XP level 5. HP: 24/38 MP: 2/10
  3589 | D:3      | Found a glowing drain.
  3645 | Sewer    | Entered a sewer
  4031 | Sewer    | Reached skill level 1 in Armour
  4113 | Sewer    | Learned a level 4 spell: Sticky Flame
  4135 | Sewer    | Reached XP level 6. HP: 45/46 MP: 9/12
  4691 | D:3      | Reached skill level 5 in Spellcasting
  5282 | D:3      | Learned a level 5 spell: Fireball
  5363 | D:4      | Gained mutation: You are completely attuned to the shadows.
                  | [demonic ancestry]
  5363 | D:4      | Reached XP level 7. HP: 36/53 MP: 5/14
  5718 | D:4      | Got a shimmering robe
  5729 | D:4      | Identified the +2 robe of Good Intentions {+Inv rC+} (You
                  | found it on level 4 of the Dungeon)
  5867 | D:4      | Found a staircase to the Ecumenical Temple.
  5945 | Temple   | Entered the Ecumenical Temple
  6286 | Temple   | Became a worshipper of Vehumet
  6801 | D:5      | Entered Level 5 of the Dungeon
  7023 | D:5      | Found a hide-covered altar of Uskayaw.
  7824 | D:6      | Found Osobalel's Assorted Antiques.
  7830 | D:6      | Found Hiad's Food Emporium.
  7873 | D:6      | Gained mutation: You regenerate a little health from kills.
                  | [demonic ancestry]
  7873 | D:6      | Reached XP level 8. HP: 52/63 MP: 11/16
  7983 | D:6      | Noticed Menkaure
  7994 | D:6      | Killed Menkaure
  8131 | D:6      | Found a sand-covered staircase.
  8144 | Ossuary  | Entered an ossuary
  8474 | Ossuary  | Reached * piety under Vehumet
  8474 | Ossuary  | Offered knowledge of Freeze by Vehumet.
  8862 | D:6      | Found Wyink's Food Boutique.
  9577 | D:6      | Reached skill level 5 in Fighting
 10075 | D:7      | Reached skill level 1 in Axes
 10075 | D:7      | Reached skill level 1 in Shields
 10339 | D:7      | Found a burning altar of Makhleb.
 10399 | D:7      | Noticed a hippogriff
 10413 | D:7      | Killed a hippogriff
 10413 | D:7      | Reached XP level 9. HP: 7/70 MP: 18/18
 11018 | D:7      | Noticed Pikel
 11036 | D:7      | Killed Pikel
 11643 | D:7      | Reached ** piety under Vehumet
 11712 | D:7      | Offered knowledge of Searing Ray by Vehumet.
 11719 | D:7      | Learned a level 2 spell: Searing Ray
 11842 | D:7      | Found a runed translucent door.
 11843 | D:7      | Noticed Crazy Yiuf
 12150 | D:7      | Killed Crazy Yiuf
 12700 | D:8      | Gained mutation: You regenerate health from kills. [demonic
                  | ancestry]
 12700 | D:8      | Reached XP level 10. HP: 82/82 MP: 13/19
 12789 | D:8      | Noticed a deep elf mage
 12790 | D:8      | Noticed a cyclops
 12811 | D:8      | Killed a deep elf mage
 12811 | D:8      | Reached skill level 1 in Maces & Flails
 12821 | D:8      | Killed a cyclops
 13088 | D:8      | Reached skill level 5 in Shields
 13228 | D:8      | Offered knowledge of Ignite Poison by Vehumet.
 13328 | D:8      | Noticed an orc knight
 14356 | D:9      | Reached skill level 5 in Fire Magic
 15060 | D:9      | HP: 2/84 [yak (5)]
 15109 | D:8      | HP: 1/84 [yak (13)]
 15134 | D:8      | HP: 2/84 [yak (5)]
 15581 | D:9      | Reached *** piety under Vehumet
 15862 | D:9      | Noticed a manticore
 15875 | D:9      | Killed a manticore
 16375 | D:9      | Noticed Erica
 16403 | D:9      | Killed Erica
 16403 | D:9      | Gained mutation: You have a pair of small antennae on your
                  | head. [demonic ancestry]
 16403 | D:9      | Reached XP level 11. HP: 18/90 MP: 12/22
 16754 | D:9      | Found a staircase to the Lair.
 16768 | D:9      | Found a stormy altar of Qazlal.
 17281 | D:9      | Found a staircase to the Orcish Mines.
 17722 | D:10     | Entered Level 10 of the Dungeon
 18009 | D:10     | Offered knowledge of Frozen Ramparts by Vehumet.
 18041 | D:10     | Learned a level 3 spell: Frozen Ramparts
 18045 | D:10     | Learned a level 3 spell: Mephitic Cloud
 18158 | D:10     | Noticed an unseen horror
 18158 | D:10     | Killed an unseen horror
 19508 | D:11     | Noticed an unseen horror
 19515 | D:11     | Killed an unseen horror
 19688 | D:11     | Noticed an unseen horror
 19693 | D:11     | Killed an unseen horror
 19731 | D:11     | Reached **** piety under Vehumet
 20386 | D:11     | Offered knowledge of Yara's Violent Unravelling by Vehumet.
 20839 | D:11     | Noticed a green ugly thing
 20859 | D:11     | Killed a green ugly thing
 21942 | D:11     | Learned a level 4 spell: Fulminant Prism
 21945 | D:11     | Learned a level 2 spell: Ensorcelled Hibernation
 21959 | D:12     | Noticed an eight-headed hydra
 22031 | D:12     | Reached XP level 12. HP: 75/99 MP: 6/24
 22043 | D:12     | HP: 3/99 [troll (11)]
 22200 | D:12     | Noticed Fannar
 22224 | D:11     | Killed from afar by Fannar

Illustrated notes

Levels and vault maps discovered:
D:1:      dpeg_arrival_shrine, layout_basic, minivault_24
D:2:      layout_rooms, serial_forest, infiniplex_forest_corner_1,
          infiniplex_forest_lined_3, infiniplex_forest_clump_small,
          infiniplex_forest_clump_small, infiniplex_forest_clump_diagonal,
          infiniplex_forest_zigzag_1, infiniplex_forest_clump_curved,
          infiniplex_forest_clump_small, uniq_terence
D:3:      layout_loops_corners, serial_undead, serial_undead_a, serial_undead_d,
          serial_undead_a, serial_undead_c, gup_sewer_entry_bubbles
D:4:      layout_gridville, minmay_temple_entry_purple_smoke, first_ration
D:5:      layout_basic, old_standard_altar, roderic_batcave
D:6:      layout_loops_ring, serial_shops, kennysheep_little_box,
          kennysheep_mini, shop, gup_ossuary_entry_pyramid, uniq_menkaure
D:7:      layout_basic, grunt_ogre_cave, makhleb_heckhound_becter,
          uniq_crazy_yiuf_cottage, uniq_pikel
D:8:      minmay_chambers_of_sevens, layout_cave_pools
D:9:      wad_cavern_with_rooms, layout_stronghold, lair_entry_dummy,
          hiddenorc1_lemuel, basic_altar, minmay_starry_boxes, uniq_erica
D:10:     layout_stronghold
D:11:     layout_roguey
D:12:     layout_rooms, lemuel_nasty_fountain, uniq_fannar
Temple:   kilobyte_greek_temple

Skill      XL: |  1  2  3  4  5  6  7  8  9 10 11 |
---------------+----------------------------------+-----
Stealth        | 2 |  2.0
Fire Magic     | 3 4 5 7 |  7.2
Dodging        | 2 |  2.0
Fighting       | 1 2 4 5 7 8 9 |  9.4
Short Blades   | 1 2 |  2.0
Spellcasting   | 3 4 5 6 7 8 |  8.0
Armour         | 1 2 4 |  4.0
Conjurations   | 3 4 |  4.0
Axes           | 2 4 |  4.0
Shields        | 1 4 6 9 |  9.3
Maces & Flails | 2 3 |  3.0
Air Magic      | |  0.3
Poison Magic   | |  0.2

Action                   |  1- 3 |  4- 6 |  7- 9 | 10-12 || total
-------------------------+-------+-------+-------+-------++-------
Melee: Unarmed           |    14 |       |       |       ||    14
       Dagger            |    68 |   171 |    83 |       ||   322
       Battleaxe         |       |       |   131 |       ||   131
       Whip              |       |       |    49 |   150 ||   199
       Hand axe          |       |       |       |    91 ||    91
 Cast: Foxfire           |    46 |   118 |   192 |   354 ||   710
       Sticky Flame      |       |       |     2 |    60 ||    62
       Searing Ray       |       |       |       |    17 ||    17
       Mephitic Cloud    |       |       |       |     6 ||     6
       Fireball          |       |       |       |     3 ||     3
  Use: Potion            |     1 |       |     1 |    10 ||    12
       Scroll            |       |       |    14 |     5 ||    19
 Stab: Sleeping          |     1 |    11 |    17 |    18 ||    47
       Distracted        |       |       |     1 |     1 ||     2
       Confused          |       |       |       |     2 ||     2
  Eat: Chunk             |     4 |     9 |    18 |    29 ||    60
       Ration            |       |       |     2 |     3 ||     5
Armor: Robe              |    18 |       |       |       ||    18
       Ring mail         |    70 |    35 |       |       ||   105
       Leather armour    |       |    72 |   161 |   111 ||   344
       Skin              |       |       |       |    17 ||    17
Dodge: Dodged            |   111 |   153 |   228 |   143 ||   635
Block: Other             |       |       |    71 |       ||    71
       Kite shield       |       |       |    51 |   412 ||   463
       Reflection        |       |       |     3 |    10 ||    13
